 Dungeon Crawl Stone Soup version 0.32-a0-928-g1cae6b7ea0 (webtiles) character file.

Game seed: 11840211691199393914

780972 Frod the Metallomancer (level 27, 190/190 HPs)
             Began as a Human Ice Elementalist on Nov 25, 2023.
             Was the Champion of Sif Muna.
             Quit the game in the Vestibule of Hell on Apr 13, 2024.
             The game lasted 17:01:57 (134794 turns).

Frod the Metallomancer (Human Ice Elementalist)   Turns: 134794, Time: 17:01:58

Health: 190/190    AC: 18    Str: 11    XL:     27
Magic:  51/51      EV: 13    Int: 38    God:    Sif Muna [******]
Gold:   8509       SH: 30    Dex: 15    Spells: 0/74 levels left

rFire   + . .        c - staff of conjuration
rCold   + + .        x - +18 shield of the Gong {Loud rN+ Will+ rCorr EV-5}
rNeg    + + +        T - +3 leather armour {rC+ rF+}
rPois   +            L - +2 helmet {SInv}
rElec   +            z - +2 cloak {rPois}
rCorr   +            E - +3 pair of gloves of Daffodils {Regen+ Int+6}
SInv    +            t - +2 pair of slick slippers {slick, slippery, EV+4}
Will    +++++        j - amulet of the Four Winds {rN+ Will+++ Clar}
Stlth   ++++         w - ring "Gineuggo" {Fly rElec rN+ Int+3}
HPRegen 1.31/turn    S - ring "Buvojuw" {Wiz rC+ Int+3}
MPRegen 0.32/turn

%: clarity, wizardry (x1)
@: flying, studying 2 skills
A: persistent drain
}: 5/15 runes: serpentine, barnacled, slimy, silver, golden
a: Renounce Religion, Channel Magic, Forget Spell, Divine Exegesis


You were in the Vestibule of Hell.
You worshipped Sif Muna.
Sif Muna was exalted by your worship.
You visited 14 branches of the dungeon, and saw 60 of its levels.
You visited the Abyss 1 time.
You also visited: Sewer, Ice Cave and Wizlab.

You collected 11317 gold pieces.
You spent 2808 gold pieces at shops.

Inventory:

Hand Weapons
 e - a +6 demon trident of electrocution
 f - the +4 broad axe "Qowouv" {flame, rF+++ rN++ Will- Dex-3}
   (You found it on level 3 of the Tomb of the Ancients)

   Dex-3:     It affects your dexterity (-3).
   rF+++:     It renders you almost immune to fire.
   rN++:      It greatly protects you from negative energy.
   Will-:     It decreases your willpower.
Missiles
 q - 15 atropa-tipped darts
 J - 9 darts of dispersal
Armour
 s - a +2 kite shield of protection
 t - the +2 pair of slick slippers (worn) {slick, slippery, EV+4}
   (You found it on level 3 of the Tomb of the Ancients)

   Slick:     Its wearer cannot be constricted, engulfed, netted, webbed, or
   stopped by binding sigils.
   Slippery:  Its wearer slips away from damaging melee attacks, pulling the
   attacker onward.
   EV+4:      It affects your evasion (+4).
 x - the +18 shield of the Gong (worn) {Loud rN+ Will+ rCorr EV-5}
   (You found it on level 1 of the Vaults)

   Loud:      It is deafeningly noisy when blocking attacks.
   EV-5:      It affects your evasion (-5).
   rN+:       It protects you from negative energy.
   Will+:     It increases your willpower.
   rCorr:     It protects you from acid and corrosion.
 z - a +2 cloak of poison resistance (worn)
 E - the +3 pair of gloves of Daffodils (worn) {Regen+ Int+6}
   (You found it on level 4 of the Dungeon)

   Int+6:     It affects your intelligence (+6).
   Regen+:    It increases your rate of health regeneration.
 L - a +2 helmet of see invisible (worn)
 M - a scarf of shadows
 T - a +3 leather armour of resistance (worn)
Magical Staves
 a - a staff of cold
 b - the staff "Xusossaha" {Int+2 Earth}
   (You found it on level 1 of the Vaults)

   [staff of earth]

   Base accuracy: +5 Base damage: 5 Base attack delay: 1.2 This weapon's minimum
   attack delay (0.6) is reached at skill level 12.
   Int+2:     It affects your intelligence (+2).
   Earth:     It increases the power of your Earth spells.
   It falls into the 'Staves' category.
   It is a one-handed weapon.
 c - a staff of conjuration (weapon)
 d - the staff "Lowi" {rElec rN+ Dex+6 Necro}
   (You found it on level 3 of the Tomb of the Ancients)

   [staff of death]

   Base accuracy: +5 Base damage: 5 Base attack delay: 1.2 This weapon's minimum
   attack delay (0.6) is reached at skill level 12.
   Dex+6:     It affects your dexterity (+6).
   rElec:     It insulates you from electricity.
   rN+:       It protects you from negative energy.
   Necro:     It increases the power of your Necromancy spells.
   It falls into the 'Staves' category.
   It is a one-handed weapon.
Jewellery
 j - the amulet of the Four Winds (around neck) {rN+ Will+++ Clar}
   (You found it on level 3 of the Tomb of the Ancients)

   [amulet of nothing]

   rN+:       It protects you from negative energy.
   Will+++:   It greatly increases your willpower.
   Clar:      It protects you from confusion, rage, mesmerisation and fear.
 n - the ring "Geogots" {Fly rPois rF+}
   (You found it in a wizard's laboratory)

   [ring of flight]

   rF+:       It protects you from fire.
   rPois:     It protects you from poison.
   Fly:       It grants you flight.
 u - the ring "Kixkugas" {rC+ rN+ rCorr Int+6 Stlth+}
   (You took it off a vault sentinel on level 5 of the Vaults)

   [ring of intelligence]

   Int+6:     It affects your intelligence (+6).
   rC+:       It protects you from cold.
   rN+:       It protects you from negative energy.
   rCorr:     It protects you from acid and corrosion.
   Stlth+:    It makes you more stealthy.
 w - the ring "Gineuggo" (left hand) {Fly rElec rN+ Int+3}
   (You found it on level 3 of the Tomb of the Ancients)

   [ring of flight]

   Int+3:     It affects your intelligence (+3).
   rElec:     It insulates you from electricity.
   rN+:       It protects you from negative energy.
   Fly:       It grants you flight.
 S - the ring "Buvojuw" (right hand) {Wiz rC+ Int+3}
   (You bought it in a shop on level 2 of the Orcish Mines)

   [ring of wizardry]

   Wiz:       It improves your spell success rate.
   Int+3:     It affects your intelligence (+3).
   rC+:       It protects you from cold.
Talismans
 Z - a talisman of death
Wands
 A - a wand of digging (33)
 B - a wand of iceblast (53)
 C - a wand of quicksilver (30)
 D - a wand of flame (92)
Scrolls
 k - 12 scrolls of fog
 m - 23 scrolls of teleportation
 H - 3 scrolls of summoning
 I - 7 scrolls of revelation
 P - 7 scrolls of blinking
Potions
 g - 9 potions of cancellation
 h - 2 potions of might
 i - 3 potions of lignification
 l - 4 potions of enlightenment
 o - 7 potions of ambrosia
 p - 13 potions of heal wounds
 r - 5 potions of haste
 y - 3 potions of invisibility
 F - 2 potions of resistance
 G - 24 potions of curing
 Q - 4 potions of magic
 R - 9 potions of brilliance
Miscellaneous
 U - a phial of floods
 V - a sack of spiders
 W - a tin of tremorstones (2/2)
 X - a phantom mirror
 Y - a lightning rod (4/4)


   Skills:
 - Level 10.0 Fighting
 - Level 14.0 Polearms
 - Level 10.0 Dodging
 - Level 10.0 Stealth
 * Level 12.9 Shields
 + Level 24.4 Spellcasting
 - Level 15.0 Conjurations
 - Level 5.0 Summonings
 - Level 10.0 Necromancy
 - Level 5.0 Translocations
 * Level 22.7 Ice Magic
 - Level 25.0 Earth Magic
 - Level 6.0 Alchemy
 + Level 16.9 Invocations
 - Level 10.0 Evocations
 * Level 15.7 Shapeshifting


You couldn't memorise any spells.
You knew the following spells:

 Your Spells              Type           Power      Damage    Failure   Level
a - Polar Vortex          Ice            60%        12d8*     5%          9
b - Borgnjor's Vile Clut  Necr/Erth      54%        N/A       1%          5
c - Lehudib's Crystal Sp  Conj/Erth      69%        10d16     1%          8
d - Lee's Rapid Deconstr  Erth           62%        3d29*     0%          5
e - Orb of Destruction    Conj           63%        9d15      1%          7
f - Vhi's Electric Charg  Tloc/Air       100%       N/A       1%          4
g - Passage of Golubria   Tloc           71%        N/A       1%          4
i - Sculpt Simulacrum     Ice/Alch       50%        N/A       1%          6
l - Blink                 Tloc           100%       N/A       1%          2
n - Swiftness             Air            46%        N/A       1%          3
o - Ozocubu's Armour      Ice            100%       N/A       0%          3
p - Passwall              Erth           100%       N/A       0%          3
r - Ozocubu's Refrigerat  Ice            60%        4d20      1%          7
A - Shatter               Erth           62%        3d46*     1%          9

Your spell library contained the following spells:

 Spells                   Type           Power      Damage    Failure   Level
 Freeze                   Ice            100%       1d10      0%          1
 Kiss of Death            Conj/Necr      100%       2d13      0%          1
 Magic Dart               Conj           100%       1d8       0%          1
 Necrotise                Necr           100%       1d9       0%          1
 Sandblast                Erth           100%       2d20      0%          1
 Sting                    Conj/Alch      100%       1d9       0%          1
 Ensorcelled Hibernation  Hex/Ice        100%       N/A       0%          2
 Searing Ray              Conj           100%       2d8       0%          2
 Frozen Ramparts          Ice            100%       1d16      0%          3
 Hailstorm                Conj/Ice       100%       3d16      0%          3
 Stone Arrow              Conj/Erth      100%       3d13      0%          3
 Summon Ice Beast         Ice/Summ       100%       N/A       0%          3
 Brom's Barrelling Bould  Conj/Erth      100%       2d11      0%          4
 Apportation              Tloc           100%       N/A       1%          1
 Foxfire                  Conj/Fire      100%       2x1d9     1%          1
 Shock                    Conj/Air       100%       1d9       1%          1
 Slow                     Hex            100%       N/A       1%          1
 Summon Small Mammal      Summ           100%       N/A       1%          1
 Call Imp                 Summ           100%       N/A       1%          2
 Cigotuvi's Dreadful Rot  Necr/Alch/Air  100%       N/A       1%          2
 Jinxbite                 Hex            92%        N/A       1%          2
 Lesser Beckoning         Tloc           100%       N/A       1%          2
 Mercury Vapours          Alch/Air       100%       N/A       1%          2
 Momentum Strike          Conj/Tloc      100%       3d10      1%          2
 Scorch                   Fire           92%        2d8       1%          2
 Static Discharge         Conj/Air       100%       3-8/arc   1%          2
 Sublimation of Blood     Necr           89%        N/A       1%          2
 Call Canine Familiar     Summ           71%        N/A       1%          3
 Confusing Touch          Hex            46%        N/A       1%          3
 Dazzling Flash           Conj/Hex       100%       N/A       1%          3
 Fugue of the Fallen      Necr           89%        N/A       1%          3
 Inner Flame              Hex/Fire       46%        N/A       1%          3
 Mephitic Cloud           Conj/Alch/Air  99%        N/A       1%          3
 Sigil of Binding         Hex            46%        N/A       1%          3
 Teleport Other           Tloc           71%        N/A       1%          3
 Tukima's Dance           Hex            46%        N/A       1%          3
 Vampiric Draining        Necr           89%        2d12      1%          3
 Volatile Blastmotes      Fire/Tloc      100%       2d18      1%          3
 Anguish                  Hex/Necr       35%        N/A       1%          4
 Animate Armour           Summ/Erth      100%       N/A       1%          4
 Animate Dead             Necr           89%        N/A       1%          4
 Dimensional Bullseye     Hex/Tloc       30%        N/A       1%          4
 Dispel Undead            Necr           89%        3d28      1%          4
 Flame Wave               Conj/Fire      100%       2d21      1%          4
 Fulminant Prism          Conj/Alch      56%        3d25      1%          4
 Ignite Poison            Fire/Alch      62%        N/A       1%          4
 Iskenderun's Mystic Bla  Conj/Tloc      100%       2d19      (+2d11%     4
 Leda's Liquefaction      Alch/Erth      52%        N/A       1%          4
 Olgreb's Toxic Radiance  Alch           75%        N/A       1%          4
 Petrify                  Alch/Erth      100%       N/A       1%          4
 Sticky Flame             Fire/Alch      62%        2d10      1%          4
 Summon Blazeheart Golem  Fire/Summ      60%        N/A       1%          4
 Summon Lightning Spire   Summ/Air       60%        N/A       1%          4
 Alistair's Intoxication  Alch           50%        N/A       1%          5
 Arcjolt                  Conj/Air       50%        1d60      1%          5
 Curse of Agony           Necr           89%        N/A       1%          5
 Fireball                 Conj/Fire      50%        3d20      1%          5
 Freezing Cloud           Conj/Ice/Air   59%        6-21      1%          5
 Irradiate                Conj/Alch      56%        3d30      1%          5
 Iskenderun's Battlesphe  Conj           100%       2d15      1%          5
 Metabolic Englaciation   Hex/Ice        46%        N/A       1%          5
 Summon Forest            Summ/Tloc      35%        N/A       1%          5
 Bombard                  Conj/Erth      69%        9d11      1%          6
 Death Channel            Necr           44%        N/A       1%          6
 Yara's Violent Unravell  Hex/Alch       31%        3d13      4%          5
 Conjure Ball Lightning   Conj/Air       50%        3x3d17    4%          6
 Starburst                Conj/Fire      50%        6d14      4%          6
 Airstrike                Air            23%        2d(4-20)  6%          4
 Cause Fear               Hex            23%        N/A       6%          4
 Summon Mana Viper        Hex/Summ       60%        N/A       6%          5
 Eringya's Noxious Bog    Alch           37%        4d6       8%          6
 Spellforged Servitor     Conj/Summ      55%        N/A       9%          7
 Dispersal                Tloc           35%        N/A       12%         6
 Summon Cactus Giant      Summ           35%        N/A       12%         6
 Silence                  Hex/Air        23%        N/A       16%         5
 Haunt                    Necr/Summ      40%        N/A       22%         7
 Malign Gateway           Summ/Tloc      35%        N/A       50%         7
 Manifold Assault         Tloc           35%        N/A       50%         7
 Monstrous Menagerie      Summ           35%        N/A       50%         7
 Summon Hydra             Summ           35%        N/A       50%         7
 Borgnjor's Revivificati  Necr           44%        N/A       50%         8
 Infestation              Necr           44%        N/A       50%         8
 Plasma Beam              Fire/Air       23%        2x1d35    61%         6
 Enfeeble                 Hex            23%        N/A       99%         7
 Disjunction              Tloc           35%        N/A       99%         8
 Summon Horrible Things   Summ           35%        N/A       99%         8
 Discord                  Hex            23%        N/A       100%        8
 Ignition                 Fire           23%        3d8       100%        8
 Maxwell's Capacitive Co  Air            23%        ∞         100%        8
 Chain Lightning          Conj/Air       50%        3d67      100%        9
 Death's Door             Necr           44%        N/A       100%        9
 Dragon's Call            Summ           35%        N/A       100%        9
 Fire Storm               Conj/Fire      50%        8d13      100%        9


Dungeon Overview and Level Annotations

Branches:
Dungeon (15/15)            Temple (1/1) D:6            Lair (5/5) D:11
 Shoals (4/4) Lair:2        Snake (4/4) Lair:3        Slime (5/5) Lair:4
    Orc (2/2) D:9             Elf (3/3) Orc:2        Vaults (5/5) D:13
  Crypt (3/3) Vaults:3       Tomb (3/3) Crypt:3      Depths (4/4) D:15
   Hell (1/1)                 Dis (0/7) Hell            Geh (0/7) Hell
    Coc (0/7) Hell            Tar (0/7) Hell            Zot (5/5) Depths:4
  Sewer (visited)           IceCv (visited)          WizLab (visited)

Altars:
Ashenzari
Cheibriados
Dithmenos
Elyvilon
Fedhas
Gozag
Hepliaklqana
Kikubaaqudgha
Makhleb
Nemelex Xobeh
Okawaru
Qazlal
Ru
Sif Muna
Trog
Uskayaw
Vehumet
Wu Jian
Xom
Yredelemnul
Zin
The Shining One
Beogh
Jiyva
Lugonu

Shops:
D:5 ([   Orc:1 *   Orc:2 :=!=   Elf:1 (   Elf:3 !   Snake:1 =:=   Snake:2 =
Vaults:1 :

Portals:
Hell: Depths:1 Depths:2 Depths:3 Depths:4
Abyss: D:9 Depths:1 Depths:2 Depths:3
Pandemonium: Depths:2
Ziggurat: Depths:3


Innate Abilities, Weirdness & Mutations

Your health recovers twice as slowly from being drained.


Message History

You feel more energetic.
You feel conductive.
You begin to recover more slowly from draining effects.
Okay, then.
You drop a potion of mutation.
Okay, then.
As you read the scroll of enchant armour, it crumbles to dust.
Your +0 cloak of poison resistance glows green for a moment.
As you read the scroll of enchant armour, it crumbles to dust.
Your +1 cloak of poison resistance glows green for a moment.
Okay, then.
Unknown command.
You drop 2 scrolls of enchant armour.
Okay, then.
You begin transforming.
You continue transforming. x3
Your flesh twists and warps into a mockery of life!
HP restored.
You begin untransforming.
You continue untransforming. x3
You feel your undeath return to normal.
You start resting.
Magic restored.
You start resting.
HP restored.
You start memorising the spell.
You continue memorising. x2
You finish memorising.
Spell assigned to 'g'.
Adjust (i)tems, (s)pells, or (a)bilities?
Adjust which spell? g - Passwall Adjust to which letter? p - Passwall; g - Passage of Golubria Adjust (i)tems, (s)pells, or (a)bilities?
Adjust which spell? h - Simulacrum Adjust to which letter? i - Simulacrum Char dumped successfully.
Saving game... please wait.
Welcome back, Frod the Human Ice Elementalist.
Sif Muna whispers: I know many secrets...
Press ? for a list of commands and other information.
Are you sure you want to abandon this character and quit the game? (Confirm with "yes".)

.................................
.................................
..........)...........[.[.......≈
.......................[[......≈≈
......................[.......≈≈#
.............................≈§##
..........[.................≈≈##.
..........[.....∩............≈#..
##........).....@............≈#..
.##.......[[...∩.∩...........≈#..
..##......[.............)...≈≈##.
.............................≈§##
.............................§§≈#
..............................≈≈≈
..........[............[.........
..........[...[........[)........
..........[......[.....[[........


There were no monsters in sight!

Vanquished Creatures
  the Royal Jelly (Slime:5)
  9 dread liches
  4 ancient liches
  Khufu (Tomb:3)
  7 orbs of fire
  39 royal mummies
  Vv (Crypt:2)
  6 Killer Klowns
  Frederick (Vaults:4)
  Xtahua (Crypt:3)
  2 curse toes (Zot:4)
  The ghost of Ziugimmo the Tortoise, a veteran AtMo of Elyvilon (Vaults:3)
  3 caustic shrikes (Depths:3)
  The ghost of Ruxt the Slayer, an adept MiFi of Qazlal (Vaults:1)
  Geryon (Hell)
  Jory (Vaults:3)
  Nikola (Elf:3)
  A profane servitor (Crypt:3)
  5 golden dragons
  2 bone dragons
  3 electric golems
  An iron giant (Hell)
  A moon troll (WizLab)
  6 liches
  5 walking crystal tomes (Depths:3)
  25 Orb Guardians (Zot:5)
  18 tentacled monstrosities
  A shard shrike skeleton (Tomb:2)
  Asterion (Elf:2)
  3 walking earthen tomes
  8 quicksilver dragons
  2 deep elf blademasters
  3 titans
  The ghost of Lobster4 the Ninja, an adept SpBr of Dithmenos (Elf:2)
  14 sphinxes
  3 tengu reavers
  13 acid blobs
  7 death cobs
  3 walking divine tomes (Depths:3)
  Polyphemus (Shoals:4)
  13 ancient champions
  4 shadow dragons
  6 tentacled starspawn (WizLab)
  Gastronok (Lair:1)
  15 storm dragons
  6 revenants
  7 draconian monks
  7 rockslimes
  5 nagarajas (Snake:4)
  Ilsuiw (Shoals:2)
  5 azure jellies
  A fenstrider witch (Shoals:3)
  12 frost giants
  10 fire giants
  2 draconian knights
  6 deep elf sorcerers
  A ghost moth (shapeshifter) (Depths:3)
  11 vault wardens
  9 draconian scorchers
  3 deep elf elementalists (Elf:3)
  4 ghost moths
  9 draconian shifters
  2 caustic shrike zombies
  4 draconian stormcallers
  A balrug (Hell)
  An orc warlord (Vaults:3)
  11 ghouls
  8 draconian annihilators
  A spriggan defender (Depths:2)
  A spectral caustic shrike (Crypt:3)
  Louise (D:14)
  24 very ugly things
  10 reapers (Hell)
  2 ironbound thunderhulks (Vaults:4)
  A cacodemon (WizLab)
  12 ironbound preservers
  4 war gargoyles (WizLab)
  21 stone giants
  10 green draconians
  13 formless jellyfish
  6 quicksilver oozes
  7 deep elf demonologists (Elf:3)
  5 vampire knights
  16 white draconians
  14 black draconians
  13 red draconians
  4 bennus (Tomb:3)
  9 spark wasps
  8 purple draconians
  19 yellow draconians
  5 deep elf annihilators (Elf:3)
  6 starcursed masses (WizLab)
  11 dire elephants
  5 eidola
  A crystal guardian (Vaults:4)
  3 iron golems (Hell)
  3 blizzard demons (Hell)
  14 jiangshi
  3 merfolk javelineers
  23 mummy priests
  The ghost of Kibis the Anamnesiscian, a journeyman DsGl of Hepliaklqana (D:14)
  5 deep elf death magi
  11 yaktaur captains
  8 fire dragons
  A quicksilver dragon zombie (Depths:2)
  10 great orbs of eyes
  5 merfolk impalers (Shoals:4)
  A deep elf high priest (D:14)
  An entropy weaver (Vaults:3)
  4 ettins
  10 ice dragons
  4 rakshasas
  A spectral spriggan (Crypt:3)
  6 hydras
  A caustic shrike simulacrum (Hell)
  A quicksilver dragon skeleton (Crypt:1)
  Erolcha (D:9)
  A salamander tyrant (Snake:4)
  5 alligator snapping turtles (Shoals:4)
  The ghost of Nulaam the Thaumaturge, a journeyman TeSu of Hepliaklqana (D:13)
  Erica (D:8)
  4 ogre magi
  A hell beast (Hell)
  22 vault guards
  2 peacekeepers
  7 spriggan air magi
  3 death yaks (Shoals:4)
  17 ironbound frosthearts
  2 merfolk avatars
  3 boulder beetles
  12 anacondas
  A catoblepas (shapeshifter) (Depths:4)
  3 merfolk aquamancers (Shoals:4)
  A catoblepas (Shoals:4)
  The ghost of wildpjah the Slicer, a journeyman TeEn of Okawaru (Lair:1)
  15 centaur warriors
  37 dancing weapons
  2 occultists
  3 satyrs (Shoals:4)
  86 death scarabs
  17 two-headed ogres
  7 death knights
  14 naga warriors
  2 hell hogs (Depths:4)
  7 deep troll shamans
  16 naga sharpshooters
  An orc high priest (Orc:2)
  6 deep troll earth magi
  6 vampire magi
  A demonic crawler (Hell)
  4 spriggan berserkers
  10 tengu warriors
  A thrashing horror (D:9)
  12 shock serpents
  33 hell knights
  9 soul eaters
  8 sun demons
  16 deep elf knights
  A wretched star (D:9)
  2 bunyip zombies
  A skyshark (shapeshifter) (D:13)
  59 skeletal warriors
  6 skysharks
  11 iron trolls
  3 salamander mystics
  11 flayed ghosts
  A spark wasp zombie (D:15)
  5 shadow wraiths
  2 storm dragon skeletons
  29 deep trolls
  7 glowing orange brains
  2 orange crystal statues
  A spriggan simulacrum (Hell)
  An orb spider (shapeshifter) (D:14)
  4 bog bodies (Crypt:1)
  23 sea snakes
  3 lindwurms (Vaults:1)
  6 arcanists
  9 necromancers
  A tengu zombie (Depths:2)
  Pikel (D:9)
  22 phantasmal warriors
  An anaconda zombie (Tomb:2)
  12 ironbound convokers
  11 deep elf archers
  5 naga ritualists
  A harpy (shapeshifter) (Depths:3)
  2 orc knights
  13 mana vipers
  23 deep elf zephyrmancers
  31 harpies
  6 fauns
  38 deep elf pyromancers
  2 large abominations (Crypt:3)
  An oklob plant (Lair:4)
  A tengu skeleton (Depths:2)
  37 ugly things
  A wolf spider (shapeshifter) (Vaults:5)
  10 moths of wrath
  11 cyclopes
  4 shining eyes
  A shadow dragon skeleton (Depths:2)
  12 elephants
  15 manticores
  17 salamanders
  An iron dragon skeleton (Crypt:1)
  The ghost of pigah the Martial Artist, a novice OpSh of Gozag (D:9)
  A worldbinder (D:9)
  87 slime creatures
  6 rust devils (Hell)
  28 black mambas
  8 merfolk sirens
  A dire elephant zombie (Crypt:2)
  4 guardian serpents
  13 vault sentinels
  A fire giant skeleton (Depths:2)
  2 black mambas (shapeshifter)
  A gargoyle (D:13)
  A centaur skeleton (Crypt:1)
  25 cane toads
  14 naga magi
  2 ice statues (Snake:3)
  4 water nymphs
  8 eyes of devastation
  A storm dragon simulacrum (Depths:2)
  3 smoke demons (Depths:4)
  24 yaktaurs
  10 rime drakes
  A komodo dragon (shapeshifter) (D:11)
  A hellion (Depths:4)
  12 komodo dragons
  A kobold demonologist (D:12)
  3 ice devils (Hell)
  A death yak skeleton (Crypt:2)
  6 freezing wraiths
  A spectral naga (Crypt:3)
  An efreet (D:14)
  50 guardian mummies
  29 merfolk
  6 tengu conjurers
  10 trolls
  A hydra zombie (Tomb:3)
  A harpy zombie (Hell)
  A death drake zombie (Crypt:2)
  9 polar bears
  10 wind drakes
  A mana viper skeleton (Crypt:2)
  6 hornets
  24 blink frogs
  3 tyrant leeches (Lair:5)
  A hydra skeleton (Hell)
  A blink frog (shapeshifter) (D:13)
  11 snapping turtles
  A harpy skeleton (Tomb:1)
  6 dream sheep
  A boulder beetle zombie (Crypt:1)
  An iron dragon simulacrum (Crypt:1)
  An ettin zombie (Tomb:1)
  2 glass eyes
  4 shadows
  73 laughing skulls
  A jumping spider (Vaults:5)
  4 spriggans
  11 air elementals
  A dire elephant simulacrum (Crypt:1)
  A spriggan skeleton (D:15)
  A vampire (D:10)
  19 water elementals
  3 wyverns
  16 ushabtiu
  37 yaks
  12 wraiths
  5 basilisks
  8 fire elementals
  21 golden eyes
  2 neqoxecs
  4 redbacks
  8 vampire mosquitoes
  8 wargs
  39 nagas
  A wind drake skeleton (Crypt:1)
  3 small abominations
  An acid dragon (D:13)
  9 water moccasins
  A water nymph skeleton (Crypt:2)
  An elephant zombie (Crypt:1)
  31 orc warriors
  3 black bears
  A naga skeleton (Tomb:3)
  A swamp drake (D:9)
  17 ogres
  24 centaurs
  A boggart (shapeshifter) (D:13)
  10 boggarts (D:14)
  9 wolves (Lair:1)
  3 lemures (D:9)
  16 bullfrogs
  A bullfrog (shapeshifter) (Depths:3)
  3 kobold brigands
  7 scorpions
  7 necrophages
  A naga simulacrum (Hell)
  2 human skeletons
  10 earth elementals
  7 killer bees
  7 electric eels
  A crimson imp (D:7)
  A human zombie (Crypt:2)
  15 orc priests
  5 hounds
  5 jellies
  5 iguanas
  A gnoll bouda (D:9)
  16 orc wizards
  A killer bee zombie (Crypt:1)
  2 ogre skeletons
  51 mummies
  10 gnolls
  A river rat (D:4)
  A swamp drake zombie (Crypt:2)
  8 adders
  A swamp drake skeleton (Crypt:1)
  A white imp (D:7)
  5 ufetubi
  A ribbon worm (D:2)
  A ribbon worm (shapeshifter) (Depths:3)
  2 dart slugs
  60 orcs
  11 ball pythons
  5 endoplasms
  A giant cockroach (D:4)
  6 goblins
  7 hobgoblins
  10 jackals
  31 kobolds
  5 quokkas
  8 bats
  2 frilled lizards
  An orc skeleton (Crypt:2)
  6 rats
  A creeping inferno (Hell)
  3 starspawn tentacles (WizLab)
2779 creatures vanquished.

Vanquished Creatures (collateral kills)
  3 caustic shrikes
  A golden dragon (Vaults:5)
  A tentacled monstrosity (Vaults:5)
  2 liches
  A deep elf master archer (Elf:3)
  A titan (Shoals:1)
  A deep elf blademaster (Elf:3)
  3 sphinxes
  8 acid blobs (Slime:5)
  A storm dragon (Vaults:5)
  A shadow dragon (Vaults:5)
  Aizul (Shoals:3)
  2 tengu reavers
  A rockslime (Slime:3)
  2 fire giants
  4 azure jellies
  4 frost giants
  2 iron dragons
  7 vault wardens
  A cacodemon (WizLab)
  3 quicksilver oozes
  A formless jellyfish (Vaults:4)
  9 ironbound preservers
  5 stone giants
  A war gargoyle (Vaults:5)
  2 very ugly things (Depths:3)
  2 deep elf annihilators
  4 dire elephants
  5 deep elf death magi
  5 ettins
  4 yaktaur captains
  A deep elf high priest (Vaults:5)
  2 entropy weavers
  12 vault guards
  5 great orbs of eyes
  An ogre mage (Orc:2)
  4 ironbound frosthearts
  A spriggan air mage (Depths:1)
  A tengu warrior (Depths:3)
  A two-headed ogre (Orc:2)
  2 boulder beetles
  A naga warrior (Snake:1)
  A skyshark (Lair:5)
  A goliath frog (Lair:5)
  2 naga ritualists
  29 deep trolls
  A glowing orange brain (Vaults:1)
  An arcanist (Vaults:4)
  An ironbound convoker (Vaults:1)
  2 orc knights
  3 necromancers
  6 ugly things
  A manticore (Shoals:2)
  A shining eye (Slime:5)
  A frost giant skeleton (Vaults:3)
  2 elephants
  A merfolk siren (Shoals:2)
  4 cane toads
  2 water nymphs
  3 naga magi (Snake:1)
  An eye of devastation (WizLab)
  A black mamba (Snake:1)
  An elf zombie (Vaults:3)
  6 vault sentinels
  Maggie (D:9)
  9 yaktaurs
  A tengu conjurer (Depths:3)
  A merfolk (Shoals:3)
  A queen bee (D:9)
  A glass eye (Slime:5)
  A snapping turtle (Lair:2)
  31 slime creatures
  3 dream sheep (Lair:5)
  A slime creature (shapeshifter) (Vaults:5)
  A culicivora (Vaults:5)
  4 yaks
  A yak (shapeshifter) (Vaults:5)
  2 golden eyes (Slime:5)
  A redback (Vaults:5)
  A basilisk (D:11)
  A vampire mosquito (Lair:5)
  A naga (Snake:3)
  A warg (shapeshifter) (Vaults:5)
  A glowing shapeshifter skeleton (Vaults:3)
  A black bear (D:8)
  A black bear (shapeshifter) (Vaults:5)
  2 orc warriors
  10 ogres (Orc:2)
  A kobold brigand (D:11)
  3 bullfrogs (Lair:5)
  An earth elemental (Elf:3)
  4 killer bees
  An electric eel (D:12)
  6 orc priests
  A sleepcap (D:8)
  An orc wizard (Orc:2)
  An ufetubus (D:7)
  8 orcs
  3 kobolds (D:11)
298 creatures vanquished.

Vanquished Creatures (others)
  A golden dragon (Zot:4)
  A deep elf master archer (Elf:3)
  2 draconian scorchers (Zot:4)
  A draconian shifter (Zot:4)
  A purple draconian (Zot:4)
  A deep elf knight (Elf:1)
  A deep troll (Vaults:4)
  A shadow (D:13)
  A naga (Snake:1)
  An orc wizard (D:14)
  7 starspawn tentacles (WizLab)
18 creatures vanquished.

Grand Total: 3095 creatures vanquished

Notes
Turn   | Place    | Note
-------+----------+-------------------------------------------
     0 | D:1      | Frod the Human Ice Elementalist began the quest for the
                  | Orb.
     0 | D:1      | Reached XP level 1. HP: 13/13 MP: 3/3
   231 | D:1      | Reached XP level 2. HP: 19/19 MP: 1/5
   814 | D:1      | Reached XP level 3. HP: 19/24 MP: 3/6
   826 | D:1      | Learned a level 3 spell: Frozen Ramparts
   906 | D:1      | Found a faded altar of an unknown god.
  1224 | D:2      | Learned a level 3 spell: Ozocubu's Armour
  1706 | D:2      | Reached XP level 4. HP: 11/30 MP: 0/8
  1806 | D:2      | Reached skill level 5 in Ice Magic
  1973 | D:3      | Identified the of Lonneffe
  2154 | D:3      | Reached XP level 5. HP: 14/35 MP: 3/9
  3098 | D:3      | Found a bloodstained altar of Trog.
  3136 | D:4      | Found a glowing drain.
  3191 | Sewer    | Entered a sewer
  3957 | D:4      | Reached skill level 1 in Summonings
  3957 | D:4      | Reached XP level 6. HP: 40/41 MP: 1/11
  4683 | D:4      | Identified the +3 pair of gloves of Daffodils {Regen+
                  | Int+6}
  4695 | D:4      | Learned a level 3 spell: Summon Ice Beast
  5074 | D:4      | Reached XP level 7. HP: 43/46 MP: 6/12
  5178 | D:5      | Entered Level 5 of the Dungeon
  5259 | D:5      | Noticed a water moccasin
  5278 | D:5      | Killed a water moccasin
  5496 | D:5      | Reached XP level 8. HP: 51/52 MP: 4/14
  6096 | D:5      | Found Vial Jidd's Antique Weapon Emporium.
  6294 | D:5      | Found Pomonam's Armour Boutique.
  6302 | D:5      | Bought a +1 leather armour of cold resistance for 154 gold
                  | pieces
  6512 | D:6      | Reached skill level 5 in Summonings
  6516 | D:6      | Learned a level 3 spell: Stone Arrow
  6649 | D:6      | Noticed a yak
  6650 | D:6      | Noticed a yak
  6655 | D:6      | Noticed a yak
  6657 | D:6      | Noticed a yak
  6661 | D:6      | Killed a yak
  6661 | D:6      | Killed a yak
  6662 | D:6      | Reached skill level 5 in Spellcasting
  6662 | D:6      | Reached skill level 2 in Earth Magic
  6662 | D:6      | Reached XP level 9. HP: 57/57 MP: 10/16
  6673 | D:6      | Reached skill level 3 in Earth Magic
  7122 | D:6      | Found a staircase to the Ecumenical Temple.
  7140 | Temple   | Entered the Ecumenical Temple
  7159 | Temple   | Became a worshipper of Sif Muna the Loreminder
  7221 | D:6      | Reached skill level 4 in Earth Magic
  8080 | D:7      | Reached * piety under Sif Muna
  8376 | D:7      | Reached XP level 10. HP: 63/63 MP: 14/18
  8421 | D:7      | Reached skill level 5 in Conjurations
  8421 | D:7      | Reached skill level 5 in Earth Magic
  8692 | D:7      | Found a hide-covered altar of Uskayaw.
  8692 | D:7      | Noticed a +0 hand axe
  8692 | D:7      | Noticed a +0 dagger
  8926 | D:7      | Found a burning altar of Makhleb.
  9398 | D:8      | Reached skill level 1 in Fighting
  9487 | D:8      | Noticed Erica
  9509 | D:8      | Killed Erica
  9847 | D:8      | Found a hazy altar of Hepliaklqana.
  9848 | D:8      | Found a glowing golden altar of the Shining One.
  9854 | D:8      | Found an ancient bone altar of Kikubaaqudgha.
  9855 | D:8      | Found an opulent altar of Gozag.
  9933 | D:9      | Found a transporter.
  9950 | D:9      | Reached skill level 1 in Invocations
 10048 | D:9      | Found a one-way gate to the infinite horrors of the Abyss.
 10048 | D:9      | Noticed pigah's ghost (novice OpSh)
 10050 | D:9      | Noticed an occultist
 10053 | D:9      | Found a transporter.
 10054 | D:9      | Noticed a thrashing horror
 10058 | D:9      | Noticed a wretched star
 10083 | D:9      | Reached ** piety under Sif Muna
 10205 | D:9      | Identified the +1 leather armour of Tomall {Int+3}
 10258 | D:9      | Reached XP level 11. HP: 76/76 MP: 3/22
 10405 | D:9      | Reached skill level 5 in Invocations
 10408 | D:9      | Reached skill level 10 in Ice Magic
 10467 | D:9      | Identified the +8 rapier of Turmoil {venom, Will+ Dex-5
                  | Stlth+}
 10471 | D:9      | Noticed a sun demon
 10535 | D:9      | Noticed Maggie
 10552 | D:9      | Killed Maggie
 10737 | D:9      | Noticed Erolcha
 10737 | Abyss:2  | Cast into level 2 of the Abyss (Erolcha)
 10785 | D:9      | Escaped the Abyss
 10796 | D:9      | Killed Erolcha
 10797 | D:9      | Reached skill level 5 in Fighting
 11077 | D:9      | Found a snail-covered altar of Cheibriados.
 11187 | D:9      | Noticed a worldbinder
 11260 | D:9      | Reached *** piety under Sif Muna
 11464 | D:9      | Noticed Pikel
 11476 | D:9      | Killed Pikel
 11557 | D:9      | Found a staircase to the Orcish Mines.
 11790 | D:9      | Learned a level 4 spell: Animate Armour
 11791 | D:10     | Entered Level 10 of the Dungeon
 12550 | D:10     | Reached XP level 12. HP: 77/87 MP: 18/24
 12552 | D:10     | Reached **** piety under Sif Muna
 13565 | D:11     | Found a staircase to the Lair.
 14020 | Lair:1   | Entered Level 1 of the Lair of Beasts
 14031 | Lair:1   | Learned a level 5 spell: Borgnjor's Vile Clutch
 14058 | Lair:1   | Reached skill level 6 in Earth Magic
 14480 | Lair:1   | Noticed Gastronok
 14489 | Lair:1   | Killed Gastronok
 14490 | Lair:1   | Reached skill level 1 in Necromancy
 15007 | Lair:1   | Reached skill level 7 in Earth Magic
 15049 | Lair:1   | Reached XP level 13. HP: 85/96 MP: 12/26
 15289 | Lair:1   | Found a runed translucent door.
 15291 | Lair:1   | Noticed an eight-headed hydra
 15291 | Lair:1   | Noticed wildpjah's ghost (journeyman TeEn)
 16473 | Lair:2   | Noticed a five-headed hydra
 16480 | Lair:2   | Killed a five-headed hydra
 16616 | Lair:2   | Found a staircase to the Shoals.
 16992 | Lair:3   | Reached skill level 8 in Earth Magic
 17663 | Lair:3   | Found a staircase to the Snake Pit.
 18043 | Lair:4   | Reached skill level 5 in Necromancy
 18404 | Lair:4   | Noticed a five-headed hydra
 18409 | Lair:4   | Killed a five-headed hydra
 18827 | Lair:4   | Learned a level 2 spell: Blink
 19142 | Lair:4   | Found a viscous altar of Jiyva.
 19144 | Lair:4   | Found a staircase to the Slime Pits.
 19318 | Lair:4   | Reached skill level 1 in Translocations
 19759 | Lair:5   | Entered Level 5 of the Lair of Beasts
 19837 | Lair:5   | Reached skill level 9 in Earth Magic
 19837 | Lair:5   | Reached XP level 14. HP: 100/105 MP: 18/27
 20031 | Lair:5   | Reached ***** piety under Sif Muna
 20525 | Lair:5   | Reached skill level 10 in Spellcasting
 21378 | Lair:5   | Reached skill level 10 in Invocations
 22247 | Lair:5   | Identified the ring "Teodeah" {*Corrode rC+ rN+++ Will+}
 22355 | Lair:5   | Learned a level 4 spell: Iskenderun's Mystic Blast
 22614 | D:12     | Reached skill level 10 in Earth Magic
 22678 | D:12     | Identified the "Lyzeikk" (Sif Muna gifted it to you on
                  | level 12 of the Dungeon)
 22678 | D:12     | Received a gift from Sif Muna
 24452 | Orc:1    | Entered Level 1 of the Orcish Mines
 24456 | Orc:1    | Reached XP level 15. HP: 104/112 MP: 19/29
 24904 | Orc:1    | You are sucked into a shaft and drop 1 floor!
 24904 | Orc:2    | Entered Level 2 of the Orcish Mines
 25543 | Orc:1    | Found Ikke's General Store.
 25705 | Orc:1    | Identified the of Kozuveco (Sif Muna gifted it to you on
                  | level 1 of the Orcish Mines)
 25705 | Orc:1    | Received a gift from Sif Muna
 25712 | Orc:1    | Learned a level 4 spell: Passage of Golubria
 26016 | Orc:2    | Reached skill level 5 in Translocations
 26104 | Orc:2    | Found a staircase to the Elven Halls.
 26189 | Orc:2    | Found Dopry's Jewellery Boutique.
 26189 | Orc:2    | Found Neawk's Jewellery Shoppe.
 26189 | Orc:2    | Found Syefraq's Distillery.
 26189 | Orc:2    | Found Zygo's Book Shop.
 26489 | Orc:2    | Bought a potion of curing for 33 gold pieces
 26489 | Orc:2    | Bought a potion of curing for 33 gold pieces
 26501 | Orc:2    | Identified the "Gieragho" (Sif Muna gifted it to you on
                  | level 2 of the Orcish Mines)
 26501 | Orc:2    | Received a gift from Sif Muna
 27323 | Orc:2    | Found a bloodstained altar of Trog.
 27503 | Orc:2    | Bought the ring "Buvojuw" {Wiz rC+ Int+3} for 704 gold
                  | pieces
 27503 | Orc:2    | Bought a ring of poison resistance for 280 gold pieces
 27505 | Orc:2    | Bought the Unrestrained Analects for 506 gold pieces
 27542 | Orc:1    | Bought a potion of heal wounds for 85 gold pieces
 27754 | Snake:1  | Entered Level 1 of the Snake Pit
 27934 | Snake:1  | Reached skill level 1 in Alchemy
 28132 | Snake:1  | Learned a level 4 spell: Olgreb's Toxic Radiance
 28258 | Snake:1  | Reached skill level 1 in Polearms
 28433 | Snake:1  | Reached XP level 16. HP: 110/122 MP: 12/31
 28983 | Snake:1  | Found Getorocwi's Jewellery Boutique.
 28984 | Snake:1  | Found Kaikh's Book Shoppe.
 28985 | Snake:1  | Found Kivveg's Jewellery Boutique.
 29478 | Snake:1  | Reached skill level 10 in Fighting
 30379 | Snake:2  | Reached skill level 10 in Conjurations
 30537 | Snake:2  | Reached skill level 10 in Necromancy
 31682 | Snake:2  | Found Onunaun's Jewellery Boutique.
 32136 | Shoals:1 | Entered Level 1 of the Shoals
 32227 | Shoals:1 | Reached skill level 5 in Alchemy
 32362 | Shoals:1 | Reached skill level 5 in Polearms
 32721 | Shoals:1 | Noticed a titan
 32722 | Shoals:1 | Found the brooch of Shielding {Spirit SH+8}
 32902 | Shoals:1 | Killed a titan
 33244 | Shoals:1 | Identified the of Petyx (Sif Muna gifted it to you on
                  | level 1 of the Shoals)
 33244 | Shoals:1 | Received a gift from Sif Muna
 34445 | Shoals:2 | Reached XP level 17. HP: 128/128 MP: 1/32
 34605 | Shoals:2 | Noticed Ilsuiw
 34633 | Shoals:2 | Killed Ilsuiw
 37002 | Shoals:3 | Identified the serpent talisman "Xiesir" {rPois rF+}
 37002 | Shoals:3 | Noticed Aizul
 37562 | Shoals:3 | Killed Aizul
 38875 | D:11     | Learned a level 7 spell: Ozocubu's Refrigeration
 38964 | Shoals:4 | Entered Level 4 of the Shoals
 39226 | Shoals:4 | Identified the of Ebatasa (Sif Muna gifted it to you on
                  | level 4 of the Shoals)
 39226 | Shoals:4 | Received a gift from Sif Muna
 39607 | Shoals:4 | Noticed Polyphemus
 39814 | Shoals:4 | Identified the +0 ice dragon scales of Quiescent Salvation
                  | {rF- rC++ Regen+}
 40493 | Shoals:4 | Reached XP level 18. HP: 94/134 MP: 15/34
 40544 | Shoals:4 | Killed Polyphemus
 40850 | Shoals:4 | Got a barnacled rune of Zot
 41003 | Shoals:4 | Identified the staff "Gohulug" {rElec rPois Poison}
 42774 | Snake:3  | Found a frozen archway.
 43022 | IceCv    | Entered an ice cave
 45715 | Snake:3  | Reached XP level 19. HP: 140/140 MP: 13/36
 46625 | Snake:3  | Upgraded the game from 0.31-a0-986-g5e6e4ef867 to
                  | 0.31-a0-1074-g0b22e4e0f1
 46631 | Snake:3  | Learned a level 4 spell: Brom's Barrelling Boulder
 46649 | Snake:4  | Entered Level 4 of the Snake Pit
 47437 | Snake:4  | Received a gift from Sif Muna
 47442 | Snake:4  | Got Sif Muna's Directory of Ghoulish Conjuring {god gift}
 47766 | Snake:4  | Reached skill level 10 in Polearms
 47793 | Snake:4  | Reached skill level 15 in Ice Magic
 48688 | Snake:4  | Got a serpentine rune of Zot
 49973 | Snake:4  | Reached skill level 15 in Invocations
 50300 | Snake:4  | Reached skill level 11 in Earth Magic
 50993 | D:11     | Learned a level 4 spell: Summon Blazeheart Golem
 51106 | Elf:1    | Entered Level 1 of the Elven Halls
 51394 | Elf:1    | Reached XP level 20. HP: 147/147 MP: 28/38
 52150 | Orc:2    | Learned a level 5 spell: Lee's Rapid Deconstruction
 52222 | Elf:1    | Found Irhebus's Weapon Boutique.
 52633 | Elf:1    | Got Niedalunk's Cyclopedia of Destruction
 53303 | Elf:2    | Found a transporter.
 53306 | Elf:2    | Found a transporter.
 53373 | Elf:2    | Reached skill level 12 in Earth Magic
 53697 | Elf:2    | Found a runed translucent gate.
 53697 | Elf:2    | Found a runed translucent gate.
 53697 | Elf:2    | Found a runed translucent gate.
 53772 | Elf:2    | Found a transporter.
 53781 | Elf:2    | Received a gift from Sif Muna
 53973 | Elf:2    | Found a transporter.
 54092 | Elf:2    | Noticed Lobster4's ghost (adept SpBr)
 54390 | Elf:2    | Paralysed by an air elemental for 1 turns
 54784 | Elf:2    | Found a runed translucent door.
 54936 | Elf:2    | Found a transporter.
 54939 | Elf:2    | Found a transporter.
 55074 | Elf:2    | Noticed Asterion
 55206 | Elf:2    | Killed Asterion
 56483 | Elf:2    | Reached skill level 13 in Earth Magic
 57203 | Elf:2    | Killed Lobster4's ghost
 57493 | D:9      | Learned a level 5 spell: Iskenderun's Battlesphere
 57539 | Elf:3    | Entered Level 3 of the Elven Halls
 57582 | Elf:3    | Received a gift from Sif Muna
 57583 | Elf:3    | Got Sif Muna's Quarto of Violence {god gift}
 57854 | Elf:3    | Paralysed by an air elemental for 1 turns
 57857 | Elf:3    | Reached skill level 5 in Stealth
 58702 | Elf:3    | Paralysed by an air elemental for 1 turns
 58816 | Elf:3    | Found Tennoed's Distillery.
 58825 | Elf:3    | Bought a potion of curing for 60 gold pieces
 58825 | Elf:3    | Bought a potion of heal wounds for 100 gold pieces
 58991 | Elf:3    | Reached XP level 21. HP: 153/153 MP: 18/39
 59819 | Elf:3    | Noticed a Tzitzimitl
 60086 | Elf:3    | Identified the +3 battleaxe "Hoeheir" {freeze, Str+2 Dex+3}
 60151 | Elf:3    | Identified the +7 halberd "Maneowku" {elec, rC+++ Stlth+}
 60554 | Elf:3    | Identified the +4 dagger "Gitih" {drain, *Rage rElec rC+}
 60578 | Elf:3    | Reached skill level 15 in Spellcasting
 60578 | Elf:3    | Reached skill level 14 in Earth Magic
 60808 | Elf:3    | Identified the +0 scale mail of Oggiusche {rElec}
 60810 | Elf:3    | Got the Encyclopedia of Bewitching Shades
 60872 | Elf:3    | Got Sif Muna's Teachings on Evolved Heat
 60969 | Elf:3    | Noticed Nikola
 60982 | Elf:3    | Killed Nikola
 61170 | Elf:3    | Bought a potion of magic for 160 gold pieces
 61170 | Elf:3    | Bought a potion of enlightenment for 100 gold pieces
 61170 | Elf:3    | Bought a potion of brilliance for 80 gold pieces
 61356 | Orc:2    | Bought a potion of cancellation for 88 gold pieces
 61356 | Orc:2    | Bought a potion of brilliance for 44 gold pieces
 61941 | D:13     | Found a transporter.
 61943 | D:13     | Noticed Nulaam's ghost (journeyman TeSu)
 62072 | D:13     | Reached skill level 1 in Shields
 62243 | D:13     | Found a transporter.
 62420 | D:13     | Found a gate to the Vaults.
 62910 | D:13     | Learned a level 6 spell: Bombard
 64243 | D:14     | Noticed Louise
 64255 | D:14     | Killed Louise
 64684 | D:14     | Found a sacrificial altar of Ru.
 64825 | D:14     | Found a runed translucent door.
 65685 | D:14     | Found a runed translucent door.
 65685 | D:14     | Noticed Kibis's ghost (journeyman DsGl)
 66094 | D:14     | Identified the +1 shortbow "Frod's Peril" {antimagic, rC+++
                  | rCorr Str-2 Int+3}
 66099 | D:14     | Identified the +7 great sword "Icyplu" {freeze, rPois rF-
                  | rC+ Str+2}
 66209 | D:14     | Killed Kibis's ghost
 66376 | D:15     | Entered Level 15 of the Dungeon
 66553 | D:14     | Learned a level 5 spell: Freezing Cloud
 66609 | D:15     | Found a staircase to the Depths.
 66788 | D:15     | Reached XP level 22. HP: 111/159 MP: 9/41
 67955 | D:15     | Found a sparkling altar of Nemelex Xobeh.
 68889 | D:15     | Learned a level 3 spell: Summon Ice Beast
 68898 | D:15     | Learned a level 6 spell: Sculpt Simulacrum
 69023 | Vaults:1 | Entered Level 1 of the Vaults
 69470 | Vaults:1 | Found a runed translucent gate.
 69470 | Vaults:1 | Found a runed translucent gate.
 69471 | Vaults:1 | Found a runed translucent gate.
 69472 | Vaults:1 | Noticed Ruxt's ghost (adept MiFi)
 69504 | Vaults:1 | Killed Ruxt's ghost
 69574 | Vaults:1 | Identified the staff "Xusossaha" {Int+2 Earth}
 69870 | Vaults:1 | Reached skill level 15 in Earth Magic
 69871 | Vaults:1 | Reached skill level 5 in Shields
 69934 | Vaults:1 | Reached skill level 1 in Evocations
 70330 | Vaults:1 | Found Maax's Book Shoppe.
 70910 | Vaults:1 | Found the +18 shield of the Gong {Loud rN+ Will+ rCorr
                  | EV-5}
 71532 | Vaults:2 | Found a runed translucent door.
 74045 | Vaults:3 | Noticed Jory
 74062 | Vaults:3 | Killed Jory
 74063 | Vaults:3 | Reached XP level 23. HP: 94/165 MP: 5/42
 75196 | Vaults:3 | Found a runed translucent door.
 75196 | Vaults:3 | Noticed Ziugimmo's ghost (veteran AtMo)
 76139 | Vaults:3 | Received a gift from Sif Muna
 76140 | Vaults:3 | Got Sif Muna's Opusculum on Sinister Invitation {god gift}
 77672 | Vaults:3 | Found a staircase to the Crypt.
 78006 | Vaults:4 | Paralysed by a sphinx for 3 turns
 78269 | Vaults:4 | Noticed Frederick
 78276 | Vaults:4 | Killed Frederick
 78277 | Vaults:4 | Reached skill level 5 in Evocations
 78711 | Vaults:4 | Received a gift from Sif Muna
 79601 | Vaults:4 | Reached skill level 10 in Stealth
 79606 | Vaults:4 | Reached XP level 24. HP: 172/172 MP: 20/43
 79889 | Vaults:5 | Entered Level 5 of the Vaults
 79889 | Vaults:5 | Noticed an ancient lich
 79914 | Vaults:5 | Noticed an ancient lich
 79920 | Vaults:5 | Killed an ancient lich
 79925 | Vaults:5 | Killed an ancient lich
 79926 | Vaults:5 | Reached skill level 15 in Conjurations
 79983 | Vaults:5 | Identified the ring "Anteblauki" {Fire Int+4 Stlth-}
 79988 | Vaults:5 | Reached skill level 10 in Shields
 80022 | Vaults:5 | Noticed a dread lich
 80037 | Vaults:5 | Killed a dread lich
 80079 | Vaults:5 | Identified the staff of Wemo {rN+ Int+5 Necro} (You took it
                  | off a yaktaur on level 5 of the Vaults)
 80426 | Vaults:5 | Got a silver rune of Zot
 80446 | Vaults:5 | Noticed a dread lich
 80464 | Vaults:5 | Reached XP level 25. HP: 151/177 MP: 12/44
 80489 | Vaults:5 | Identified the ring "Kixkugas" {rC+ rN+ rCorr Int+6 Stlth+}
 80558 | Vaults:5 | Killed a dread lich
 80565 | Vaults:5 | Noticed an ancient lich
 80583 | Vaults:5 | Killed an ancient lich
 80638 | Vaults:5 | Identified the +7 chain mail of Calculation {Fly}
 80646 | Vaults:5 | Reached skill level 16 in Earth Magic
 80901 | Vaults:5 | Learned a level 7 spell: Orb of Destruction
 82256 | Vaults:3 | Learned a level 4 spell: Dispel Undead
 82258 | Crypt:1  | Entered Level 1 of the Crypt
 84966 | Crypt:1  | Received a gift from Sif Muna
 84967 | Crypt:1  | Got Sif Muna's Incunabulum of Shades {god gift}
 85430 | Crypt:1  | Reached skill level 10 in Evocations
 85436 | Crypt:1  | Reached skill level 17 in Earth Magic
 87190 | Crypt:2  | Noticed Vv
 87203 | Crypt:2  | Killed Vv
 88050 | Crypt:2  | Learned a level 8 spell: Lehudib's Crystal Spear
 88062 | Crypt:3  | Entered Level 3 of the Crypt
 88336 | Crypt:3  | Reached skill level 18 in Earth Magic
 88625 | Crypt:3  | Reached XP level 26. HP: 184/184 MP: 35/45
 88883 | Crypt:3  | Received a gift from Sif Muna
 88885 | Crypt:3  | Got Sif Muna's Monograph on the Feathery Catacomb {god
                  | gift}
 89267 | Crypt:3  | Found an ancient bone altar of Kikubaaqudgha.
 90871 | Crypt:3  | Identified the +0 leather armour of Sloth {Harm Str+3
                  | Slay+2}
 91203 | Crypt:3  | Noticed an ancient lich
 91227 | Crypt:3  | Killed an ancient lich
 91228 | Crypt:3  | Reached skill level 19 in Earth Magic
 91443 | Crypt:3  | Noticed Xtahua
 91454 | Crypt:3  | Killed Xtahua
 91698 | Crypt:3  | Found a staircase to the Tomb.
 92573 | Crypt:3  | Identified the +7 scimitar "Laton" {heavy, Str+8 Dex+3}
 92976 | Lair:1   | Learned a level 3 spell: Swiftness
 93115 | Slime:1  | Entered Level 1 of the Pits of Slime
 93187 | Slime:1  | Gained mutation: Your magical capacity is low. (-10% MP) [a
                  | shining eye]
 93898 | Slime:3  | Gained mutation: You occasionally lose the ability to drink
                  | potions when taking damage. [a shining eye]
 94064 | Slime:4  | Received a gift from Sif Muna
 94072 | Slime:4  | Got Sif Muna's Commentary on Metal and Illusion {god gift}
 94524 | Slime:5  | Entered Level 5 of the Pits of Slime
 94947 | Slime:5  | Found a viscous altar of Jiyva.
 95333 | Slime:5  | Reached skill level 20 in Earth Magic
 95503 | Slime:5  | Found the necklace of Bloodlust {Fury *Rage Will++ Int-3
                  | Slay+6}
 95976 | Slime:5  | Paralysed by a formless jellyfish for 1 turns
 95982 | Slime:5  | Noticed the Royal Jelly
 96786 | Slime:5  | Killed the Royal Jelly
 96887 | Slime:5  | Identified the +8 war axe of Dicsenuloff {freeze, Will+}
 96970 | Slime:5  | Got a slimy rune of Zot
 96986 | Slime:5  | Identified the +8 great sword of Etoixzoe {holy, rC- rN+
                  | Will+}
 96990 | Slime:5  | Identified the +1 robe of Naxeg {rF+}
 97417 | Slime:3  | Reached XP level 27. HP: 144/190 MP: 14/41
 97431 | Slime:4  | Learned a level 9 spell: Shatter
 98300 | Slime:1  | Paralysed by a formless jellyfish for 1 turns
 98538 | Slime:1  | Reached skill level 21 in Earth Magic
 98888 | Lair:1   | Killed wildpjah's ghost
 99369 | D:9      | Killed pigah's ghost
 99704 | Orc:1    | Bought a potion of mutation for 136 gold pieces
 99811 | D:5      | Bought a warped dagger for 245 gold pieces
 99811 | D:5      | Identified the +2 dagger "Seolofrakur" {holy, Stlth+} (You
                  | bought it in a shop on level 5 of the Dungeon)
 99986 | Orc:1    | Lost mutation: Your magical capacity is low. (-10% MP)
                  | [potion of mutation]
 99986 | Orc:1    | Lost mutation: You occasionally lose the ability to drink
                  | potions when taking damage. [potion of mutation]
 99986 | Orc:1    | Gained mutation: You are partially covered in large bone
                  | plates. (SH +4) [potion of mutation]
 99986 | Orc:1    | Gained mutation: You are clumsy. (Dex -2) [potion of
                  | mutation]
 99986 | Orc:1    | Gained mutation: You are occasionally teleported next to
                  | monsters. [potion of mutation]
100134 | Lair:1   | Lost mutation: You are clumsy. (Dex -2) [potion of
                  | mutation]
100134 | Lair:1   | Lost mutation: You are partially covered in large bone
                  | plates. (SH +4) [potion of mutation]
100134 | Lair:1   | Lost mutation: You are occasionally teleported next to
                  | monsters. [potion of mutation]
100134 | Lair:1   | Gained mutation: You are agile. (Dex +4, Str/Int -1)
                  | [potion of mutation]
100134 | Lair:1   | Gained mutation: You have hidden genetic defects. [potion
                  | of mutation]
100134 | Lair:1   | Gained mutation: You expend magic power (3 MP) to
                  | strengthen your wands. [potion of mutation]
100225 | Lair:3   | Lost mutation: You are agile. (Dex +4, Str/Int -1) [potion
                  | of mutation]
100225 | Lair:3   | Lost mutation: You expend magic power (3 MP) to strengthen
                  | your wands. [potion of mutation]
100225 | Lair:3   | Gained mutation: Your body sometimes deteriorates upon
                  | taking damage. [potion of mutation]
100301 | Snake:3  | Lost mutation: You have hidden genetic defects. [potion of
                  | mutation]
100301 | Snake:3  | Lost mutation: Your body sometimes deteriorates upon taking
                  | damage. [potion of mutation]
100301 | Snake:3  | Gained mutation: You occasionally lose the ability to drink
                  | potions when taking damage. [potion of mutation]
100503 | Slime:5  | Lost mutation: You occasionally lose the ability to drink
                  | potions when taking damage. [potion of mutation]
100503 | Slime:5  | Gained mutation: Armour fits poorly on your strangely
                  | shaped body. [potion of mutation]
100503 | Slime:5  | Gained mutation: You are extremely frail. (-30% HP) [potion
                  | of mutation]
100721 | D:13     | Lost mutation: Armour fits poorly on your strangely shaped
                  | body. [potion of mutation]
100721 | D:13     | Lost mutation: You are extremely frail. (-30% HP) [potion
                  | of mutation]
100721 | D:13     | Gained mutation: Your mind is acute. (Int +4, Str/Dex -1)
                  | [potion of mutation]
100777 | D:13     | Killed Nulaam's ghost
100813 | D:13     | Identified the amulet of Qacisig {RegenMP Rampage Fragile
                  | Will+ Int+4}
101134 | Vaults:3 | Killed Ziugimmo's ghost
101901 | Depths:1 | Entered Level 1 of the Depths
101939 | Depths:1 | Reached skill level 1 in Shapeshifting
102270 | Depths:1 | Found a gateway to Hell.
103818 | Depths:2 | Received a gift from Sif Muna
104475 | Depths:2 | Found a white marble altar of Elyvilon.
104798 | Depths:2 | Found a one-way gate leading to the halls of Pandemonium.
104815 | Depths:2 | Found a corrupted altar of Lugonu.
106223 | Depths:3 | Received a gift from Sif Muna
106224 | Depths:3 | Reached skill level 5 in Dodging
106229 | Depths:3 | Got Sif Muna's Grimoire of Harmful Glamour {god gift}
106326 | Depths:3 | Found a magical portal.
106339 | WizLab   | Entered Lehudib's Moon Base
107046 | WizLab   | Identified the ring "Jaaha Cic" {Will+ Int+6 Dex+3}
107393 | WizLab   | Identified the ring "Geogots" {Fly rPois rF+}
107630 | WizLab   | Found a transporter.
107769 | WizLab   | Reached skill level 5 in Shapeshifting
108100 | WizLab   | Found a transporter.
109088 | Depths:3 | Reached skill level 22 in Earth Magic
109088 | Depths:3 | Received a gift from Sif Muna
109505 | Depths:3 | Noticed a dread lich
109506 | Depths:3 | Found a one-way gateway to a ziggurat.
109508 | Depths:3 | Noticed a dread lich
109519 | Depths:3 | Paralysed by a dread lich for 2 turns
109522 | Depths:3 | Killed a dread lich
109523 | Depths:3 | Killed a dread lich
109992 | Depths:3 | Identified the +0 robe of Disappointment {rPois rCorr Int-2
                  | Dex+4}
110459 | Depths:3 | Received a gift from Sif Muna
110463 | Depths:3 | a golden dragon changed into a shard shrike
110463 | Depths:3 | Noticed a shard shrike (glowing shapeshifter)
110783 | Depths:3 | Got Sif Muna's Atlas of Mud and Congelation {god gift}
111035 | Depths:3 | Identified the +1 robe of Knowledge {+Blink rElec rN+
                  | Will+}
111123 | Depths:3 | Found the +7 Spriggan's Knife {stab, EV+4 Stlth+}
111173 | Depths:3 | Identified the +0 ring mail of Zin's Reproof {*Corrode
                  | Str+5 Int-5 Stlth+}
111790 | Depths:3 | Found a shimmering blue altar of Sif Muna.
112031 | Hell     | Entered the Vestibule of Hell
112031 | Hell     | Noticed Geryon
112036 | Hell     | Killed Geryon
112080 | Hell     | Received a gift from Sif Muna
112088 | Hell     | Got Sif Muna's Anthology of the Missiles and the Mountains
                  | {god gift}
112311 | Hell     | Reached skill level 23 in Earth Magic
112848 | Hell     | Found a gateway to the decaying netherworld of Tartarus.
112903 | Hell     | Found a gateway to the freezing wastes of Cocytus.
112966 | Hell     | Found a gateway to the Iron City of Dis.
113037 | Hell     | Found a gateway to the ashen valley of Gehenna.
113377 | Hell     | Learned a level 5 spell: Arcjolt
113432 | Depths:4 | Entered Level 4 of the Depths
114698 | Depths:4 | Reached skill level 10 in Dodging
115215 | Depths:4 | Found a gate to the Realm of Zot.
115249 | Depths:4 | Received a gift from Sif Muna
116041 | Hell     | Learned a level 6 spell: Starburst
116445 | Tomb:1   | Entered Level 1 of the Tomb of the Ancients
117209 | Tomb:1   | Noticed a royal mummy
117219 | Tomb:1   | Killed a royal mummy
117423 | Tomb:1   | Noticed a royal mummy
117433 | Tomb:1   | Killed a royal mummy
118028 | Tomb:1   | Noticed a royal mummy
118040 | Tomb:1   | Killed a royal mummy
118754 | Tomb:1   | Identified the +0 quarterstaff of Light {venom, rCorr Int+2
                  | Dex-5}
118900 | Tomb:1   | Noticed a royal mummy
118900 | Tomb:1   | Noticed a royal mummy
118902 | Tomb:1   | Killed a royal mummy
118902 | Tomb:1   | Killed a royal mummy
118903 | Tomb:1   | Noticed a royal mummy
118903 | Tomb:1   | Noticed a royal mummy
118906 | Tomb:1   | Killed a royal mummy
118907 | Tomb:1   | Killed a royal mummy
118910 | Tomb:1   | Noticed a royal mummy
118912 | Tomb:1   | Noticed a royal mummy
118913 | Tomb:1   | Killed a royal mummy
118914 | Tomb:1   | Reached skill level 24 in Earth Magic
118914 | Tomb:1   | Noticed a royal mummy
118916 | Tomb:1   | Killed a royal mummy
118916 | Tomb:1   | Killed a royal mummy
118916 | Tomb:1   | Noticed a royal mummy
118918 | Tomb:1   | Noticed a royal mummy
118923 | Tomb:1   | Killed a royal mummy
118923 | Tomb:1   | Killed a royal mummy
118931 | Tomb:1   | Noticed a royal mummy
118935 | Tomb:1   | Killed a royal mummy
119041 | Tomb:1   | Noticed a royal mummy
119045 | Tomb:1   | Killed a royal mummy
119046 | Tomb:1   | Reached skill level 10 in Shapeshifting
119094 | Tomb:1   | Noticed a royal mummy
119101 | Tomb:1   | Killed a royal mummy
119270 | Tomb:1   | Noticed a royal mummy
119276 | Tomb:1   | Killed a royal mummy
119373 | Tomb:1   | Noticed a royal mummy
119379 | Tomb:1   | Killed a royal mummy
119533 | Tomb:1   | Noticed a royal mummy
119538 | Tomb:1   | Killed a royal mummy
119663 | Tomb:1   | Noticed a royal mummy
119672 | Tomb:1   | Killed a royal mummy
119679 | Tomb:1   | Noticed a royal mummy
119681 | Tomb:1   | Noticed a royal mummy
119686 | Tomb:1   | Killed a royal mummy
119687 | Tomb:1   | Killed a royal mummy
119697 | Tomb:1   | Noticed a royal mummy
119699 | Tomb:1   | Killed a royal mummy
119700 | Tomb:1   | Noticed a royal mummy
119702 | Tomb:1   | Noticed a royal mummy
119705 | Tomb:1   | Killed a royal mummy
119705 | Tomb:1   | Killed a royal mummy
119899 | Tomb:2   | Noticed a royal mummy
119899 | Tomb:2   | Noticed a royal mummy
119900 | Tomb:2   | Noticed a royal mummy
119900 | Tomb:2   | Noticed a royal mummy
119903 | Tomb:2   | Killed a royal mummy
119903 | Tomb:2   | Killed a royal mummy
119903 | Tomb:2   | Killed a royal mummy
119906 | Tomb:2   | Killed a royal mummy
121215 | Tomb:3   | Entered Level 3 of the Tomb of the Ancients
121223 | Tomb:3   | Reached ****** piety under Sif Muna
121224 | Tomb:3   | Noticed Khufu
121226 | Tomb:3   | Noticed a royal mummy
121226 | Tomb:3   | Noticed a royal mummy
121229 | Tomb:3   | Reached skill level 25 in Earth Magic
121230 | Tomb:3   | Killed Khufu
121230 | Tomb:3   | Killed a royal mummy
121230 | Tomb:3   | Killed a royal mummy
121238 | Tomb:3   | Noticed a royal mummy
121239 | Tomb:3   | Noticed a royal mummy
121239 | Tomb:3   | Noticed a royal mummy
121240 | Tomb:3   | Killed a royal mummy
121240 | Tomb:3   | Noticed a royal mummy
121240 | Tomb:3   | Noticed a royal mummy
121242 | Tomb:3   | Killed a royal mummy
121242 | Tomb:3   | Killed a royal mummy
121243 | Tomb:3   | Killed a royal mummy
121244 | Tomb:3   | Noticed a royal mummy
121244 | Tomb:3   | Noticed a royal mummy
121244 | Tomb:3   | Noticed a royal mummy
121245 | Tomb:3   | Killed a royal mummy
121246 | Tomb:3   | Killed a royal mummy
121246 | Tomb:3   | Killed a royal mummy
121247 | Tomb:3   | Killed a royal mummy
121249 | Tomb:3   | Noticed a royal mummy
121251 | Tomb:3   | Killed a royal mummy
121330 | Tomb:3   | Found the amulet of the Four Winds {rN+ Will+++ Clar}
121384 | Tomb:3   | Identified the +4 battleaxe "Genism" {heavy, Will+ SInv}
121500 | Tomb:3   | Found the +2 pair of slick slippers {slick, slippery, EV+4}
121562 | Tomb:3   | Identified the staff "Lowi" {rElec rN+ Dex+6 Necro}
121565 | Tomb:3   | Identified the ring "Gineuggo" {Fly rElec rN+ Int+3}
121576 | Tomb:3   | Identified the +5 orcbow "Ahempou" {drain, Fly rElec}
121580 | Tomb:3   | Identified the +7 quarterstaff of Plunder {flame, MP+9}
121584 | Tomb:3   | Identified the ring of Erusmu {MP+9 Int+4}
121586 | Tomb:3   | Identified the +4 broad axe "Qowouv" {flame, rF+++ rN++
                  | Will- Dex-3}
121610 | Tomb:3   | Identified the amulet "Cuos" {Regen+ Str+2}
121630 | Tomb:3   | Learned a level 9 spell: Polar Vortex
121640 | Tomb:3   | Identified the staff "Kexor" {rElec rN+ rCorr Dex+3 Air}
121642 | Tomb:3   | Identified the +5 long sword of Myaz {freeze, rElec rF+
                  | Int+3}
121643 | Tomb:3   | Identified the +1 dagger of Excruciating Pain {heavy, rC++
                  | rN++ Int-3}
121702 | Tomb:3   | Got a golden rune of Zot
123629 | Hell     | Learned a level 4 spell: Vhi's Electric Charge
123796 | Zot:1    | Entered Level 1 of the Realm of Zot
125179 | Zot:1    | Found an ancient bone altar of Kikubaaqudgha.
126679 | Zot:2    | Identified the +8 short sword of the Ship {flame, rElec
                  | rPois Dex+2}
127873 | Zot:3    | You are sucked into a shaft and drop 1 floor!
128244 | Zot:3    | Noticed an orb of fire
128247 | Zot:3    | Killed an orb of fire
129092 | Zot:3    | Upgraded the game from 0.31-a0-1074-g0b22e4e0f1 to
                  | 0.31-a0-1165-g196b491b36
130000 | Zot:4    | Noticed a Killer Klown
130009 | Zot:4    | Killed a Killer Klown
130326 | Zot:4    | Identified a scroll of acquirement
130449 | Zot:4    | Identified the +5 morningstar "Ucoakle" {flame, *Noise rF+
                  | Will+ Dex+3}
130799 | Zot:4    | Noticed an orb of fire
130810 | Zot:4    | Gained mutation: Your spells are a little easier to cast,
                  | but a little less powerful. [an orb of fire]
130811 | Zot:4    | Killed an orb of fire
130955 | Zot:5    | Entered Level 5 of the Realm of Zot
130964 | Zot:5    | Noticed a Killer Klown
131081 | Zot:5    | Noticed a dread lich
131081 | Zot:5    | Noticed an orb of fire
131082 | Zot:5    | Gained mutation: You are frail. (-10% HP) [an orb of fire]
131088 | Zot:4    | Killed a dread lich
131192 | Zot:5    | Found a transporter.
131666 | Zot:5    | Found a transporter.
131851 | Zot:5    | Noticed a dread lich
131862 | Zot:5    | Killed a dread lich
132154 | Zot:5    | Noticed a Killer Klown
132163 | Zot:5    | Killed a Killer Klown
132229 | Zot:5    | Found a transporter.
132267 | Zot:5    | Found a transporter.
132397 | Zot:5    | Killed a Killer Klown
132531 | Zot:5    | Noticed an orb of fire
132533 | Zot:5    | Noticed a Killer Klown
132534 | Zot:5    | Noticed an orb of fire
132537 | Zot:5    | Gained mutation: You sometimes lose your temper in combat.
                  | [an orb of fire]
132538 | Zot:5    | Killed an orb of fire
132539 | Zot:5    | Killed an orb of fire
132540 | Zot:5    | Killed a Killer Klown
132563 | Zot:5    | Reached skill level 15 in Shapeshifting
133352 | Zot:5    | Noticed a dread lich
133355 | Zot:5    | Noticed an orb of fire
133356 | Zot:5    | Gained mutation: You occasionally lose the ability to read
                  | scrolls when taking damage. [an orb of fire]
133360 | Zot:5    | Killed a dread lich
133361 | Zot:5    | Killed an orb of fire
133374 | Zot:5    | Noticed a dread lich
133382 | Zot:5    | Killed a dread lich
133620 | Zot:5    | Noticed a dread lich
133627 | Zot:5    | Killed a dread lich
133633 | Zot:5    | Noticed a Killer Klown
133673 | Zot:5    | Killed a Killer Klown
133767 | Zot:5    | Noticed a Killer Klown
133774 | Zot:5    | Killed a Killer Klown
133903 | Zot:5    | Killed an orb of fire
134527 | Zot:5    | Noticed an orb of fire
134532 | Zot:5    | Killed an orb of fire
134652 | Hell     | Acquired a +0 cloak of poison resistance
134669 | Hell     | Lost mutation: You are frail. (-10% HP) [potion of
                  | mutation]
134669 | Hell     | Lost mutation: You sometimes lose your temper in combat.
                  | [potion of mutation]
134669 | Hell     | Gained mutation: You are partially covered in iridescent
                  | scales. (AC +2) [potion of mutation]
134670 | Hell     | Lost mutation: You are partially covered in iridescent
                  | scales. (AC +2) [potion of mutation]
134670 | Hell     | Lost mutation: Your spells are a little easier to cast, but
                  | a little less powerful. [potion of mutation]
134670 | Hell     | Gained mutation: You passively dampen the noise of your
                  | surroundings. [potion of mutation]
134670 | Hell     | Gained mutation: Your magical capacity is low. (-10% MP)
                  | [potion of mutation]
134670 | Hell     | Gained mutation: Your flesh is heat resistant. (rF+)
                  | [potion of mutation]
134670 | Hell     | Gained mutation: You have sharp toenails. [potion of
                  | mutation]
134671 | Hell     | Lost mutation: You passively dampen the noise of your
                  | surroundings. [potion of mutation]
134671 | Hell     | Lost mutation: Your flesh is heat resistant. (rF+) [potion
                  | of mutation]
134671 | Hell     | Lost mutation: You occasionally lose the ability to read
                  | scrolls when taking damage. [potion of mutation]
134671 | Hell     | Gained mutation: Your system is resistant to poisons.
                  | (rPois) [potion of mutation]
134671 | Hell     | Gained mutation: You are clumsy. (Dex -2) [potion of
                  | mutation]
134671 | Hell     | Lost mutation: Your system is resistant to poisons. (rPois)
                  | [potion of mutation]
134672 | Hell     | Lost mutation: You are clumsy. (Dex -2) [potion of
                  | mutation]
134672 | Hell     | Lost mutation: You have sharp toenails. [potion of
                  | mutation]
134672 | Hell     | Lost mutation: Your mind is acute. (Int +4, Str/Dex -1)
                  | [potion of mutation]
134672 | Hell     | Gained mutation: You are resistant to electric shocks.
                  | (rElec) [potion of mutation]
134673 | Hell     | Lost mutation: Your magical capacity is low. (-10% MP)
                  | [potion of mutation]
134673 | Hell     | Lost mutation: You are resistant to electric shocks.
                  | (rElec) [potion of mutation]
134673 | Hell     | Gained mutation: Your health recovers twice as slowly from
                  | being drained. [potion of mutation]
134794 | Hell     | Learned a level 3 spell: Passwall
134794 | Hell     | Upgraded the game from 0.31-a0-1165-g196b491b36 to
                  | 0.32-a0-928-g1cae6b7ea0
134794 | Hell     | Quit the game

Illustrated notes

Levels and vault maps discovered:
D:1:      lemuel_arrival_hallway, layout_basic, chequers_ecumenical_altar_twisty
D:2:      layout_rooms, minmay_misc_feat_more_columns
D:3:      layout_loops_ring, trog_book, nicolae_half_adder
D:4:      cheibrodos_thug_alley, layout_loops_ring, portal_sewer_entry_a
D:5:      minmay_spotlight, layout_gridville, serial_shops, shop, minivault_25,
          nicolae_stop_n_shop_2, grunt_decor_cap
D:6:      layout_loops_ring, minmay_temple_entry_stoned_glass,
          dreamdust_wishing_well, grunt_decor_resistance
D:7:      layout_loops_corners, dancing_weapons_uskayaw, makhleb_grotto_becter,
          minmay_liquid_box
D:8:      layout_rooms, minitemple, uniq_erica
D:9:      layout_rooms, mainiacjoe_overflow_alcove_4, erik_orc_1,
          gammafunk_ghost_abyssal_escape, nicolae_looking_at_the_future,
          uniq_maggie, uniq_erolcha, uniq_pikel
D:10:     layout_long_grid, roderic_roman_lattice, kennysheep_big_empty_room,
          kennysheep_generic_room_6
D:11:     layout_rooms, david_lair_generic, dk_noncrumbling_2
D:12:     layout_basic
D:13:     layout_roguey, david_vaults_2, gammafunk_ghost_arena
D:14:     layout_basic, nicolae_ru_path_of_blood, gammafunk_ghost_grave,
          minmay_misc_feat_pillars, minmay_st_funbox,
          nicolae_straight_to_the_point, uniq_louise
D:15:     gammafunk_depths_entry_grave, layout_basic, nemelex_altar_shiori
Temple:   eino_temple_water
Lair:1:   layout_chaotic_city, ebering_ghost_inner_flame, minmay_holes,
          uniq_gastronok
Lair:2:   layout_loops_ring, minmay_shoals_entry_hut
Lair:3:   layout_roguey, alex1729_snake_entry_snake, lemuel_fruit_fields
Lair:4:   layout_loops_ring, minmay_slime_entry_oklob_enclosed,
          lemuel_old_faithful, grunt_megastairs_5
Lair:5:   minmay_lair_end_frog_pond, layout_gridlike
Shoals:1: cheibrodos_shoals_gigantism, layout_shoals
Shoals:2: nicolae_shoals_island_circles, layout_shoals, uniq_ilsuiw
Shoals:3: nicolae_shoals_aurelia_aurita, layout_shoals,
          nicolae_shoals_beach_house_on_fowls_legs, uniq_aizul
Shoals:4: shoals_end_simple, layout_shoals, uniq_polyphemus
Snake:1:  layout_layer_cave, minmay_shop_grove
Snake:2:  layout_honeycomb, serial_shops, nicolae_shop_tiny_waterfront
Snake:3:  layout_cave_pods, portal_ice_cave_entry_ice_statue_two,
          serial_bayou_shore_a
Snake:4:  grunt_snake_rune_pools, layout_cave_town, nicolae_triple_integral
Slime:1:  layout_caves
Slime:2:  layout_caves
Slime:3:  layout_caves
Slime:4:  cheibrodos_slime_lost_civilization_9, layout_caves,
          cheibrodos_slime_lost_civilization_5
Slime:5:  slime_pit_nicolae_jellycorners
Orc:1:    layout_caves, serial_shops, shop, basic_altar
Orc:2:    st_orc_ogre_mass, layout_caves, basic_altar, nooodl_orcs_dogs
Elf:1:    eino_elf_arrival_shootout, layout_geoelf_grid, serial_shops, shop,
          minmay_elf_sorcery
Elf:2:    nicolae_elf_blades_splatter_lattice
          [nicolae_blade_entry_hurt_lockers], layout_geoelf_octagon,
          hellmonk_ghost_happy_afterlife, serial_nicolae_subway,
          nicolae_sub_station_crystal, nicolae_sub_station_metal,
          nicolae_sub_station_stone, uniq_asterion
Elf:3:    grunt_elf_hall_asides, layout_rooms, serial_shops,
          nicolae_shop_pleasant_corner_grove, st_stairs_4, nicolae_elf_w_pinch,
          nicolae_elf_loose_elemental_storage, uniq_nikola
Vaults:1: ebering_ghost_rock_garden, nicolae_vaults_ninety_degrees,
          nicolae_vaults_tetromino_L_2, nicolae_vaults_asterisk,
          hangedman_vaults_corner, v_misc_3, nicolae_vaults_closet_pinwheel_1,
          nicolae_vaults_circle_grid_b, nicolae_vaults_prndl,
          nicolae_vaults_apartment_1, nicolae_vaults_tetromino_Z_2,
          ontoclasm_vaults_loading_screen, hellmonk_guarded_unrand_gong,
          nicolae_vaults_network_periphery, v_misc_22, nicolae_vaults_little_ls,
          nicolae_vaults_variable_pillar_hall, layout_vaults_maze, serial_shops,
          shop
Vaults:2: nicolae_vaults_oozy_zoo, vaults_room_large_hall,
          nicolae_vaults_shelves_hall, vaults_room_ringed_pool,
          ontoclasm_vaults_fault, nicolae_vaults_alarming,
          vaults_room_stairs_pillars, ontoclasm_vaults_chip,
          nicolae_vaults_storage_closets_1, nicolae_vaults_layer_cake_slice,
          ontoclasm_vaults_eye, v_misc_13, ontoclasm_vaults_ring_square,
          layout_vaults_big_room
Vaults:3: gammafunk_ghost_grave, minmay_crypt_entry_simple_walls,
          nicolae_vaults_storage_closets_2, nicolae_vaults_more_shelving_2,
          nicolae_vaults_diamond_2, hangedman_vaults_variations,
          nicolae_vaults_sealed_display, nicolae_vaults_heart-shaped_vault,
          serial_library_hellmonk_reading_circle, vaults_room_pool, v_misc_18,
          vaults_dpeg_emergency_exit, layout_vaults_omnibox, uniq_jory
Vaults:4: nicolae_vaults_tetromino_T_2, v_misc_14, v_misc_4,
          vaults_standard_mumra_lines, v_misc_10,
          nicolae_vaults_windows_and_doors_thing, vaults_mumra_hex, v_misc_5,
          nicolae_vaults_trapezoid_3, nicolae_vaults_security_offices_2,
          grunt_vaults_focal, nicolae_vaults_tetromino_T_1,
          nicolae_vaults_rhombus_5, layout_vaults_omnicross, uniq_margery,
          uniq_frederick
Vaults:5
Crypt:1:  layout_catacombs, item_on_display_a
Crypt:2:  layout_misc_corridors, nicolae_danse_macabre, uniq_vv
Crypt:3:  grunt_crypt_end_deaths_head, uniq_xtahua
Tomb:1
Tomb:2
Tomb:3:   uniq_khufu
Depths:1: minmay_sliced_demisemicircle, layout_twisted_cross,
          abyss_entry_glasseish, pf_hell_entry_tar_spiral, minmay_starry_boxes
Depths:2: minmay_distorted_concentric_squares, layout_gridlike,
          abyss_entry_flame_altar, grunt_hell_entry_dis_grunt, pan_entry,
          infiniplex_staircase_zigzag_1, nicolae_elyvilon_temple_path
Depths:3: grunt_twisty_corner, layout_basic, enter_ziggurat_c,
          pf_hell_entry_great_geh, mu_enter_wizlab_5,
          hangedman_abyss_entry_splay, chequers_serial_rivers_room_b,
          serial_library, serial_library_hellmonk_big_corner,
          serial_library_hellmonk_metal_room,
          serial_library_regret_index_headful,
          serial_library_regret_index_double_sided,
          serial_library_hellmonk_hallway_b,
          serial_library_hellmonk_statue_hall,
          serial_library_hellmonk_secret_room, serial_library_hellmonk_junction,
          chequers_serial_rivers_small_b
Depths:4: grunt_zot_entry_pinwheel, layout_small_grid, hellmouth_3
Hell
Zot:1:    layout_concentric_octagons, lemuel_baited_zot_trap,
          regret_index_zotdec_golden_two_three
Zot:2:    layout_concentric_octagons
Zot:3:    layout_gridlike, bh_zot_lava_cross
Zot:4:    layout_cellular_growth, nrook_zot_tub
Zot:5:    layout_twisted_circle, nicolae_transporter_intersection

Skill      XL: |  1  2  3  4  5  6  7  8  9 10 11 12 13 14 15 16 17 18 19 20 21 22 23 24 25 26 27 |
---------------+----------------------------------------------------------------------------------+-----
Ice Magic      | 5 6 7 8 9 10 12 14 15 22 | 22.7
Spellcasting   | 3 4 5 7 8 9 10 11 12 13 14 15 16 17 18 19 24 | 24.4
Summonings     | 1 2 3 5 |  5.0
Conjurations   | 2 4 5 7 8 9 10 11 13 14 15 | 15.0
Earth Magic    | 2 4 5 7 9 10 11 13 14 15 18 20 25 | 25.0
Fighting       | 3 5 7 8 9 10 | 10.0
Invocations    | 3 7 8 9 10 11 12 13 14 15 16 | 16.9
Necromancy     | 2 5 7 9 10 | 10.0
Translocations | 1 4 5 |  5.0
Alchemy        | 2 6 |  6.0
Polearms       | 1 6 7 9 10 11 12 13 14 | 14.0
Stealth        | 5 7 8 10 | 10.0
Shields        | 3 6 8 10 12 | 12.9
Evocations     | 3 5 8 10 | 10.0
Shapeshifting  | 15 | 15.7
Dodging        | 10 | 10.0

Action                     |  1- 3 |  4- 6 |  7- 9 | 10-12 | 13-15 | 16-18 | 19-21 | 22-24 | 25-27 || total
---------------------------+-------+-------+-------+-------+-------+-------+-------+-------+-------++-------
  Melee: Dagger            |     2 |       |    24 |       |       |       |       |       |       ||    26
         Mace              |       |    21 |     9 |       |       |       |       |       |       ||    30
         Punch             |       |     2 |     1 |     1 |     2 |     2 |       |       |       ||     8
         Spear             |       |     4 |       |     1 |       |       |       |       |       ||     5
         Rapier            |       |       |     9 |    85 |    15 |       |       |       |       ||   109
         Trident           |       |       |       |       |     3 |   177 |    55 |    52 |    30 ||   317
         Staff             |       |       |       |       |     1 |       |       |    50 |    19 ||    70
         Demon trident     |       |       |       |       |       |       |       |       |    17 ||    17
   Fire: Sling             |       |       |       |    35 |   201 |     2 |       |       |       ||   238
  Throw: Stone             |     4 |     4 |       |       |       |       |       |       |       ||     8
         Dart              |       |     4 |     1 |     2 |     1 |     8 |     1 |       |     1 ||    18
   Cast: Freeze            |    60 |    51 |    23 |    21 |    39 |       |       |       |       ||   194
         Frozen Ramparts   |       |    28 |    37 |    59 |   101 |    54 |    10 |       |       ||   289
         Ozocubu's Armour  |       |     9 |    15 |    43 |    58 |    57 |    21 |    19 |    10 ||   232
         Stone Arrow       |       |       |     6 |    66 |   236 |   232 |   114 |       |       ||   654
         Summon Ice Beast  |       |       |     1 |    19 |    41 |    25 |     7 |    16 |     5 ||   114
         Animate Armour    |       |       |       |     7 |    45 |    29 |     2 |       |       ||    83
         Borgnjor's Vile C |       |       |       |       |   108 |   202 |   131 |    56 |    79 ||   576
         Iskenderun's Myst |       |       |       |       |     6 |    17 |       |       |       ||    23
         Passage of Golubr |       |       |       |       |     2 |       |     7 |    10 |     8 ||    27
         Olgreb's Toxic Ra |       |       |       |       |     1 |    65 |     5 |    13 |       ||    84
         Ozocubu's Refrige |       |       |       |       |       |   102 |   320 |   144 |   153 ||   719
         Brom's Barrelling |       |       |       |       |       |       |    46 |       |       ||    46
         Summon Blazeheart |       |       |       |       |       |       |    11 |       |       ||    11
         Lee's Rapid Decon |       |       |       |       |       |       |    89 |    40 |   558 ||   687
         Blink             |       |       |       |       |       |       |     3 |     6 |     3 ||    12
         Iskenderun's Batt |       |       |       |       |       |       |     2 |       |       ||     2
         Bombard           |       |       |       |       |       |       |     7 |    78 |    19 ||   104
         Dragon's Call     |       |       |       |       |       |       |     1 |     3 |     1 ||     5
         Freezing Cloud    |       |       |       |       |       |       |       |    73 |    44 ||   117
         Sculpt Simulacrum |       |       |       |       |       |       |       |    74 |    44 ||   118
         Summon Horrible T |       |       |       |       |       |       |       |     1 |       ||     1
         Orb of Destructio |       |       |       |       |       |       |       |       |   463 ||   463
         Dispel Undead     |       |       |       |       |       |       |       |       |    33 ||    33
         Lehudib's Crystal |       |       |       |       |       |       |       |       |   201 ||   201
         Swiftness         |       |       |       |       |       |       |       |       |     2 ||     2
         Maxwell's Capacit |       |       |       |       |       |       |       |       |     1 ||     1
         Shatter           |       |       |       |       |       |       |       |       |   155 ||   155
         Polar Vortex      |       |       |       |       |       |       |       |       |    35 ||    35
         Starburst         |       |       |       |       |       |       |       |       |     5 ||     5
         Arcjolt           |       |       |       |       |       |       |       |       |     3 ||     3
 Invoke: Channel Magic     |       |       |       |     2 |    12 |    23 |    18 |    26 |    61 ||   142
         Forget Spell      |       |       |       |       |       |       |     3 |     2 |     4 ||     9
         Divine Exegesis   |       |       |       |       |       |       |     1 |     4 |     3 ||     8
Ability: Begin Untransform |       |       |       |       |       |       |       |       |     3 ||     3
  Evoke: Phial of floods   |       |       |       |       |       |     2 |       |       |     3 ||     5
         Wand              |       |       |       |       |       |     1 |     4 |     1 |     6 ||    12
         Sack of spiders   |       |       |       |       |       |       |       |       |     2 ||     2
         Tin of tremorston |       |       |       |       |       |       |       |       |     3 ||     3
         Lightning rod     |       |       |       |       |       |       |       |       |     2 ||     2
    Use: Scroll            |       |     7 |    10 |     7 |    13 |     6 |     7 |     4 |    18 ||    72
         Potion            |       |       |       |     1 |       |     2 |     4 |    17 |    32 ||    56
   Stab: Sleeping          |     2 |     1 |       |       |       |     1 |       |     1 |       ||     5
         Distracted        |       |       |       |       |       |     1 |       |     1 |       ||     2
 Armour: Robe              |    13 |    31 |     6 |       |       |       |       |       |       ||    50
         Leather armour    |       |       |    31 |   126 |   281 |   498 |   227 |   233 |   423 ||  1819
         Skin              |       |       |       |       |       |       |       |       |    40 ||    40
  Dodge: Dodged            |    28 |    31 |    35 |    88 |   151 |   193 |    71 |    71 |   123 ||   791
  Block: Kite shield       |       |       |       |       |       |       |    28 |    38 |   106 ||   172
         Buckler           |       |       |       |       |       |       |       |    29 |    64 ||    93
   Form: Death             |       |       |       |       |       |       |       |       |     3 ||     3

Table legend: (Time is in decaauts)
 A = Elapsed time spent in this place.
 B = Non-inter-level travel time spent in this place.
 C = Inter-level travel time spent in this place.
 D = Time resting spent in this place.
 E = Time spent auto-exploring this place.
 F = Levels seen in this place.
 G = Mean time per level.
                   A        B        C        D        E       F      G
               +--------+--------+--------+--------+--------+-----+--------+
         Total | 135226 | 124265 |  10961 |  25340 |  72504 |  64 | 2112.9 |
       Dungeon |  26185 |  23122 |   3063 |   2109 |  16812 |  15 | 1745.7 |
        Temple |     38 |      2 |     36 |      0 |      0 |   1 |   38.0 |
          Lair |   9847 |   8622 |   1225 |    896 |   6061 |   5 | 1969.4 |
        Shoals |  10601 |   9997 |    604 |   1718 |   6810 |   4 | 2650.2 |
     Snake Pit |  10791 |  10297 |    494 |   1830 |   6633 |   4 | 2697.8 |
    Slime Pits |   5711 |   5430 |    281 |   1668 |   2743 |   5 | 1142.2 |
  Orcish Mines |   3170 |   2905 |    265 |    314 |   1910 |   2 | 1585.0 |
   Elven Halls |  10058 |   9607 |    451 |   3042 |   4259 |   3 | 3352.7 |
        Vaults |  14483 |  12941 |   1542 |   1720 |   8096 |   5 | 2896.6 |
         Crypt |  10147 |   9222 |    925 |   1432 |   5972 |   3 | 3382.3 |
          Tomb |   5979 |   5456 |    523 |   2264 |   1280 |   3 | 1993.0 |
        Depths |  11301 |  10387 |    914 |   3553 |   4801 |   4 | 2825.2 |
          Hell |   1398 |   1372 |     26 |    347 |    531 |   1 | 1398.0 |
           Zot |  10615 |  10007 |    608 |   2847 |   5073 |   5 | 2123.0 |
         Abyss |     43 |     43 |      0 |      0 |      0 |   1 |   43.0 |
         Sewer |    621 |    621 |      0 |    262 |    138 |   1 |  621.0 |
      Ice Cave |   1830 |   1830 |      0 |    254 |   1003 |   1 | 1830.0 |
        Wizlab |   2400 |   2400 |      0 |   1083 |    381 |   1 | 2400.0 |
               +--------+--------+--------+--------+--------+-----+--------+

Top non-repeatable levels by time:
 Crypt:3: 4694 daAuts
Vaults:3: 4550 daAuts
   Elf:2: 4524 daAuts
  Tomb:1: 3843 daAuts
 Crypt:1: 3812 daAuts
Depths:3: 3740 daAuts
Depths:2: 3467 daAuts
    D:14: 3286 daAuts
Shoals:3: 3249 daAuts
   Elf:3: 3232 daAuts
 Snake:4: 3210 daAuts
 Snake:3: 3062 daAuts
Vaults:1: 3016 daAuts
     D:9: 2981 daAuts
   Zot:4: 2823 daAuts
